 Dungeon Crawl Stone Soup version 0.31-a0-233-g139696dc86 (webtiles) character file.

Game seed: 6280304448212621019

23 qw the Shooter (level 3, -1/21 HPs)
             Began as a Gargoyle Hexslinger on July 7, 2023.
             Slain by a jackal (3 damage)
             ... on level 1 of the Dungeon.
             The game lasted 00:00:10 (173 turns).

qw the Shooter (Gargoyle Hexslinger)                 Turns: 173, Time: 00:00:10

Health: -1/21      AC:  5    Str: 11    XL:     3   Next: 0%
Magic:  4/4        EV: 12    Int: 13    God:
Gold:   8          SH:  0    Dex: 14    Spells: 3/4 levels left

rFire   . . .        a - +1 sling
rCold   . . .        (no shield)
rNeg    + . .        c - +0 robe
rPois   inf          (no helmet)
rElec   +            (no cloak)
rCorr   .            (no gloves)
SInv    .            (no boots)
Will    .....        (no amulet)
Stlth   +            (no ring)
HPRegen 0.23/turn    (no ring)
MPRegen 0.09/turn

%: no passive effects
@: no status effects
A: sickness immunity, AC +3, negative energy resistance 1, electricity
resistance, torment resistance 1, petrification resistance
a: no special abilities


You were on level 1 of the Dungeon.
You visited 1 branch of the dungeon, and saw 1 of its levels.

You collected 8 gold pieces.


Innate Abilities, Weirdness & Mutations

You are immune to sickness and miasma.
Your stone body is resilient. (AC +3)
You are immune to poison.
You resist negative energy. (rN+)
You are resistant to electric shocks. (rElec)
You are resistant to unholy torment.
You are immune to petrification.


   Skills:
 + Level 2.0 Fighting
 - Level 3.0 Ranged Weapons
 - Level 1.5 Dodging
 - Level 1.0 Spellcasting
 - Level 2.6 Hexes


You had 3 spell levels left.
You knew the following spells:

 Your Spells              Type           Power      Damage    Failure   Level
a - Slow                  Hex            28%        N/A       10%         1

Your spell library contained the following spells:

 Spells                   Type           Power      Damage    Failure   Level
 Inner Flame              Hex/Fire       4%         N/A       43%         3
 Portal Projectile        Hex/Tloc       8%         N/A       43%         3
 Cause Fear               Hex            3%         N/A       67%         4

Inventory:

Hand Weapons
 a - a +1 sling (weapon)
Armour
 c - a +0 robe (worn)
Scrolls
 b - a scroll of poison
 d - a scroll of fear {unknown}

Dungeon Overview and Level Annotations

Branches:
Dungeon (1/15)

Altars:


Message History

The jackal bites you but does no damage.
The jackal bites you. The jackal barely misses you.
The jackal closely misses you.
You shoot a sling bullet.
The sling bullet closely misses the jackal.
The bat misses you.
The jackal bites you but does no damage. x2
The jackal bites you. The jackal misses you.
The jackal bites you but does no damage.
The jackal closely misses you. The jackal misses you. x2
You shoot a sling bullet. The sling bullet hits the jackal.
You kill the jackal!
The bat hits you but does no damage. The jackal misses you.
The jackal closely misses you. The jackal bites you. The jackal misses you.
The jackal barely misses you. The jackal bites you.
You shoot a sling bullet. The sling bullet hits the bat.
You kill the bat!
The jackal bites you but does no damage.
The jackal bites you.
The jackal bites you but does no damage. x2
The jackal closely misses you.
You shoot a sling bullet. The sling bullet hits the jackal!
You kill the jackal!
The jackal barely misses you.
The jackal bites you but does no damage.
The jackal misses you.
The jackal bites you but does no damage.
Your Fighting skill increases to level 2!
You have reached level 3!
Your experience leads to an increase in your attributes!
Increase (S)trength, (I)ntelligence, or (D)exterity?
You feel agile. x2
You shoot a sling bullet. The sling bullet hits the jackal.
The jackal is heavily wounded.
The jackal bites you.
The jackal bites you but does no damage.
The jackal bites you.
You shoot a sling bullet. The sling bullet misses the jackal.
The jackal completely misses you. The jackal bites you. x2
You die...

#. #.######... #.####
#.........# ....##
#.#######.# # ###...##
#.# ##.#.# ..
#......####.####....#
#.#.......##...##.#.#.#
.#.......%..............
......hh..)##%..##.#.#.#
.###.%@..####.####...##
....:.%..## #.# ##.##
#.##.#..## #.# #.# #.
##.. ..# #.# # .## ###
#.# .# #.# #. #.. ###


You could see 2 jackals.

Vanquished Creatures
  A dart slug (D:1)
  2 bats (D:1)
  3 endoplasms (D:1)
  A goblin (D:1)
  2 hobgoblins (D:1)
  4 jackals (D:1)
  A quokka (D:1)
  A ball python (D:1)
  2 frilled lizards (D:1)
  A kobold (D:1)
  A rat (D:1)
19 creatures vanquished.

Notes
Turn   | Place    | Note
-------+----------+-------------------------------------------
     0 | D:1      | qw the Gargoyle Hexslinger began the quest for the Orb.
     0 | D:1      | Reached XP level 1. HP: 12/12 MP: 2/2
     0 | D:1      | 0 ||| qw: Version: 0.3-a-46-gb1f654a
     0 | D:1      | 0 ||| qw: Game counter: 3102
     0 | D:1      | 0 ||| qw: Melee chars always use a shield: true
     0 | D:1      | 0 ||| qw: God list: Okawaru
     0 | D:1      | 0 ||| qw: Allow faded altars: false
     0 | D:1      | 0 ||| qw: Do Orc after clearing Dungeon:15 true
     0 | D:1      | 0 ||| qw: Do second Lair branch before Depths: true
     0 | D:1      | 0 ||| qw: Lair rune preference: random
     0 | D:1      | 0 ||| qw: Goals: Normal
     0 | D:1      | 0 ||| PLANNING D:1-11
    93 | D:1      | Reached XP level 2. HP: 16/16 MP: 3/3
   117 | D:1      | Reached skill level 3 in Ranged Weapons
   170 | D:1      | HP: 4/17 [jackal (2)]
   172 | D:1      | Reached XP level 3. HP: 5/21 MP: 4/4
   173 | D:1      | Slain by a jackal

Levels and vault maps discovered:
D:1:      evilmike_arrival_plus, layout_loops_ring

Skill      XL: |  1  2 |
---------------+-------+-----
Ranged Weapons | 3 |  3.0
Fighting       | 2 |  2.0
Dodging        | |  1.5
Spellcasting   | |  1.0
Hexes          | |  2.6

Action                     || total
---------------------------++-------
   Fire: Sling             ||    61
 Armour: Robe              ||    18
  Dodge: Dodged            ||    34

Table legend:
 A = Non-vault XP
 B = Vault XP
 C = Vault XP percentage of total XP
 D = Non-vault monster count
 E = Vault monster count
 F = Vault count percentage of total count
                 A         B        C        D         E       F
            +---------+---------+-------+---------+---------+-------
      Total |      34 |       0 |   0.0 |      19 |       0 |   0.0
            +---------+---------+-------+---------+---------+-------
        D:1 |      34 |       0 |   0.0 |      19 |       0 |   0.0
            +---------+---------+-------+---------+---------+-------
